 Dungeon Crawl Stone Soup version 0.20-a0-622-g01f5896 (webtiles) character file.

150 dracos369 the Firebug (level 5, -5/28 HPs)
             Began as a Deep Elf Fire Elementalist on Feb 9, 2017.
             Slain by a scorpion (6 damage)
             ... on level 4 of the Dungeon.
             The game lasted 00:18:47 (3010 turns).

dracos369 the Firebug (Deep Elf Fire Elementalist)  Turns: 3010, Time: 00:18:48

Health: -5/28      AC:  6    Str:  5      XL:     5   Next: 10%
Magic:  1/11       EV: 12    Int: 19 (21) God:
Gold:   156        SH:  0    Dex: 15      Spells: 2/10 levels left

rFire    + . .     SeeInvis .   a - -1 hunting sling (curse)
rCold    . . .     Gourm    +   m - +1 leather armour {rF+}
rNeg     . . .     Faith    .   (no shield)
rPois    .         Spirit   .   (no helmet)
rElec    .         Reflect  .   (no cloak)
rCorr    .         Harm     .   j - +1 pair of gloves
MR       .....                  (no boots)
Stlth    ++........             n - amulet of the gourmand
Regen    0.1/turn               (no ring)
                                (no ring)

@: very slightly contaminated, hasted, very quick
A: no striking features
a: no special abilities


You were on level 4 of the Dungeon.
You were completely stuffed.

You visited 1 branch of the dungeon, and saw 4 of its levels.

You collected 156 gold pieces.

Inventory:

Hand Weapons
 a - a cursed -1 hunting sling (weapon)
 k - a +0 dagger
 o - a +1 rapier
Missiles
 d - 79 stones
 e - 16 sling bullets (quivered)
Armour
 j - a +1 pair of gloves (worn)
 m - a +1 leather armour of fire resistance (worn)
Jewellery
 f - an uncursed ring of wizardry {unknown}
 n - an amulet of the gourmand (around neck)
Potions
 q - a potion of agility
Books
 b - a book of Flames

   Spells                             Type                      Level
   a - Flame Tongue                   Conjuration/Fire             1
   b - Throw Flame                    Conjuration/Fire             2
   c - Conjure Flame                  Conjuration/Fire             3
   d - Inner Flame                    Hexes/Fire                   3
   e - Sticky Flame                   Conjuration/Fire             4
   f - Fireball                       Conjuration/Fire             5
Comestibles
 c - 2 bread rations
 h - a meat ration
 l - 4 chunks of flesh


   Skills:
 - Level 2.4 Dodging
 - Level 2.5 Stealth
 - Level 3.0 Spellcasting
 + Level 3.8 Conjurations
 + Level 5.0 Fire Magic


You had 2 spell levels left.
You knew the following spells:

 Your Spells              Type           Power        Failure   Level  Hunger
a - Flame Tongue          Conj/Fire      ###..        4%          1    None
b - Sticky Flame          Conj/Fire      ###.....     43%         4    ####...
c - Conjure Flame         Conj/Fire      ###.....     14%         3    ###....


Dungeon Overview and Level Annotations

Branches:
Dungeon (4/15)
 Temple: D:4-7

Altars:
Trog

Annotations:
D:2 exclusion: jackal, Sigmund


Message History

Found 10 gold pieces.
An orc comes into view. It is wielding a short sword.
The orc wizard shouts!
Found 12 gold pieces.
The orc wizard casts a spell.
The orc wizard seems to speed up.
A scorpion comes into view.
A hound and a skeleton come into view.
The hound bites you.
* * * LOW HITPOINT WARNING * * *
Okay, then.
The hound bites you but does no damage. The scorpion closely misses you.
The orc wizard casts a spell.
The orc wizard blinks!
Casting: Flame Tongue
Confirm with . or Enter, or press ? or * to list all spells.
Aiming: Conjure Flame
Press: ? - help, Dir - move target cursor The fire ignites!
The scorpion stings you.
You die...

############
#......h.§.#
#.....s@Zo#
##....h.###
###§####
##.# ....
#..# .....
#.######
......
##o#....#
......
#.Z.....#
.......
##.o......#


You could see a scorpion, 2 hounds, an orc wizard and an adder skeleton.

Vanquished Creatures
  A worker ant (D:4)
  7 adders
  2 worms
  4 leopard geckos
  3 giant cockroaches
  5 goblins
  7 hobgoblins
  2 jackals (D:4)
  2 quokkas
  6 bats
  3 frilled lizards
  7 kobolds
  7 rats
56 creatures vanquished.

Notes
Turn   | Place    | Note
-------+----------+-------------------------------------------
     0 | D:1      | dracos369 the Deep Elf Fire Elementalist began the quest for the Orb.
     0 | D:1      | Reached XP level 1. HP: 10/10 MP: 6/6
   287 | D:1      | Reached XP level 2. HP: 15/15 MP: 6/8
   818 | D:2      | Reached skill level 4 in Fire Magic
   818 | D:2      | Reached XP level 3. HP: 14/19 MP: 5/9
   997 | D:2      | Learned a level 3 spell: Conjure Flame
  1262 | D:2      | Noticed Sigmund
  1328 | D:2      | Found a bloodstained altar of Trog.
  1360 | D:2      | Reached XP level 4. HP: 11/24 MP: 0/10
  1388 | D:2      | HP: 1/24 [poisoned by an adder]
  1930 | D:3      | Learned a level 4 spell: Sticky Flame
  2893 | D:4      | Noticed an ogre
  2968 | D:4      | Reached skill level 5 in Fire Magic
  2968 | D:4      | Reached XP level 5. HP: 10/28 MP: 0/11
  2994 | D:4      | HP: 1/28 [hound (2)]
  3007 | D:4      | HP: 1/28 [hound (1)]
  3010 | D:4      | Slain by a scorpion

Vault maps used:
D:1:      eino_arrival_cavern_e
D:2:      nicolae_overflow_hidden_temple, corexii_shack, minmay_bisected,
          uniq_sigmund
D:4:      grunt_temple_overflow_open, first_bread

Skill      XL: |  1  2  3  4 |
---------------+-------------+-----
Conjurations   | 2 3 |  3.8
Fire Magic     | 4 5 |  5.0
Dodging        | |  2.4
Stealth        | |  2.5
Spellcasting   | |  3.0

Action                   |  1- 3 |  4- 6 || total
-------------------------+-------+-------++-------
Melee: Unarmed           |     1 |       ||     1
       Club              |     5 |       ||     5
       Dagger            |    10 |       ||    10
 Fire: Hunting sling     |    13 |    45 ||    58
 Cast: Flame Tongue      |    47 |    48 ||    95
       Conjure Flame     |       |     2 ||     2
  Use: Scroll            |     2 |     7 ||     9
       Potion            |       |     4 ||     4
 Stab: Sleeping          |     2 |       ||     2
       Distracted        |     1 |       ||     1
  Eat: Chunk             |     3 |     8 ||    11
       Bread ration      |       |     1 ||     1
       Fruit             |       |     1 ||     1
Armor: Robe              |     3 |       ||     3
       Leather armour    |     5 |    13 ||    18
Dodge: Dodged            |    24 |    25 ||    49
